 Dungeon Crawl Stone Soup version 0.28.0-43-g3370ac3207 (webtiles) character file.

Game seed: 13333116186177713175

13 experimilk the Vexing (level 2, -1/16 HPs)
             Began as a Deep Elf Arcane Marksman on Mar 12, 2022.
             Slain by a jackal (2 damage)
             ... on level 1 of the Dungeon.
             The game lasted 00:01:34 (662 turns).

experimilk the Vexing (Deep Elf Arcane Marksman)     Turns: 662, Time: 00:01:36

Health: -1/16      AC:  2    Str:  7    XL:     2   Next: 24%
Magic:  5/6        EV: 12    Int: 17    God:
Gold:   6          SH:  0    Dex: 15    Spells: 3/4 levels left

rFire   . . .      SeeInvis .   a - +0 shortbow
rCold   . . .      Faith    .   (shield currently unavailable)
rNeg    . . .      Spirit   .   d - +0 robe
rPois   .          Reflect  .   (no helmet)
rElec   .          Harm     .   (no cloak)
rCorr   .          Rampage  .   (no gloves)
Will    .....                   (no boots)
Stlth   +.........              (no amulet)
HPRegen 0.05/turn               (no ring)
MPRegen 0.10/turn               (no ring)

@: no status effects
A: no striking features
a: no special abilities


You were on level 1 of the Dungeon.
You visited 1 branch of the dungeon, and saw 1 of its levels.

You collected 6 gold pieces.

Inventory:

Hand Weapons
 a - a +0 shortbow (weapon)
 b - a +0 whip
Missiles
 c - 9 arrows (quivered ammo)
 f - 6 poisoned darts
Armour
 d - a +0 robe (worn)
Scrolls
 g - a scroll of immolation {unknown}
Potions
 e - a potion of lignification {unknown}
 h - a potion of degeneration {unknown}


   Skills:
 - Level 0.7 Fighting
 + Level 3.4 Bows
 - Level 2.4 Dodging
 - Level 1.5 Spellcasting
 + Level 4.5 Hexes


You had 3 spell levels left.
You knew the following spells:

 Your Spells              Type           Power      Damage    Failure   Level
a - Slow                  Hex            64%        N/A       3%          1

Your spell library contained the following spells:

 Spells                   Type           Power      Damage    Failure   Level
 Inner Flame              Hex/Fire       8%         N/A       24%         3
 Portal Projectile        Hex/Tloc       16%        N/A       24%         3
 Cause Fear               Hex            8%         N/A       30%         4


Dungeon Overview and Level Annotations

Branches:
Dungeon (1/15)

Altars:


Message History

You shoot an arrow. The arrow hits the jackal!
You kill the jackal!
The jackal bites you.
Fire: 15 arrows
Press: ? - help, Q - select action, (/) - cycle Shift-Dir - straight line, f - jackal
Aim: a jackal (heavily wounded, 51% to hit)
You shoot an arrow.
The arrow hits the jackal but does no damage.
The jackal is heavily wounded.
The jackal misses you. The jackal bites you.
Fire: 14 arrows
Press: ? - help, Q - select action, (/) - cycle Shift-Dir - straight line, f/p - jackal
Aim: a jackal (heavily wounded, 51% to hit)
You shoot an arrow. The arrow barely misses the jackal.
The jackal bites you.
Unknown command.
Fire: 13 arrows
Press: ? - help, Q - select action, (/) - cycle Shift-Dir - straight line, f/p - jackal
Aim: a jackal (heavily wounded, 51% to hit)
You shoot an arrow. The arrow barely misses the jackal.
The jackal bites you. x2
Unknown command.
Fire: 12 arrows
Press: ? - help, Q - select action, (/) - cycle Shift-Dir - straight line, f/p - jackal
Aim: a jackal (heavily wounded, 51% to hit)
You shoot an arrow. The arrow closely misses the jackal.
The jackal misses you. The jackal bites you.
* * * LOW HITPOINT WARNING * * *
Fire: 11 arrows
Press: ? - help, Q - select action, (/) - cycle Shift-Dir - straight line, f/p - jackal
Aim: a jackal (heavily wounded, 51% to hit)
You shoot an arrow. The arrow barely misses the jackal.
The jackal bites you.
* * * LOW HITPOINT WARNING * * *
Fire: 10 arrows
Press: ? - help, Q - select action, (/) - cycle Shift-Dir - straight line, f/p - jackal
Aim: a jackal (heavily wounded, 51% to hit)
You shoot an arrow. The arrow completely misses the jackal.
The jackal bites you.
You die...

..# #.# #..# #.......##
..#####.####..#
#.##.....#
..##..........#
#.#..#..h.#
..##..<.......#
#..##.##.h.#
.........###..# ##.##
⌠.# ..h .........#
#..###.### .## ..
.........#
#..##..#.###.
..##.....# #..##(#.⌠.#
# ..####..##
#..#h@.#.#.# ..# #..#
#..#...##.# ..####..#
#..#...###.⌠ ........#
#.......# #.#
..#####.####..#...#.#
#.# ..#
#....##..##.#.⌠.# #.
..# #....##..##..#.#.#
..####........###.####.
..............# #.


You could see a jackal.

Vanquished Creatures
  2 giant cockroaches (D:1)
  A hobgoblin (D:1)
  5 jackals (D:1)
  A kobold (D:1)
  A rat (D:1)
10 creatures vanquished.

Notes
Turn   | Place    | Note
-------+----------+-------------------------------------------
     0 | D:1      | experimilk the Deep Elf Arcane Marksman began the quest for
                  | the Orb.
     0 | D:1      | Reached XP level 1. HP: 11/11 MP: 5/5
    61 | D:1      | Reached XP level 2. HP: 4/16 MP: 3/6
   662 | D:1      | Slain by a jackal

Illustrated notes

Levels and vault maps discovered:
D:1:      dpeg_arrival_boxes_within_box, layout_rooms, serial_shops,
          nicolae_shop_crystal, amethyst_killhole, grunt_decor_mini_mirrors,
          minmay_surrounded

Skill      XL: |  1 |
---------------+----+-----
Bows           | 3 |  3.4
Fighting       | |  0.7
Dodging        | |  2.4
Spellcasting   | |  1.5
Hexes          | |  4.5

Action                   || total
-------------------------++-------
 Fire: Shortbow          ||    29
 Cast: Slow              ||     5
Armor: Robe              ||     4
Dodge: Dodged            ||    10
